 Dungeon Crawl Stone Soup version 0.24.0-35-gdb84b6a5db (webtiles) character file.

Game seed: 7914975329855019983, levelgen mode: deterministic

79 Nattfarinn the Vexing (level 4, -10/41 HPs)
             Began as an Ogre Arcane Marksman on Nov 18, 2019.
             Mangled by a gnoll
             ... wielding a +0 halberd
              (13 damage)
             ... on level 3 of the Dungeon.
             The game lasted 00:06:28 (2284 turns).

Nattfarinn the Vexing (Ogre Arcane Marksman)        Turns: 2284, Time: 00:06:29

Health: -10/41     AC:  6    Str: 14    XL:     4   Next: 38%
Magic:  8/8        EV: 10    Int: 14    God:
Gold:   97         SH:  0    Dex: 10    Spells: 7/8 levels left

rFire    . . .     SeeInvis .   c - +0 short sword
rCold    . . .     Gourm    .   (no shield)
rNeg     . . .     Faith    .   a - +0 robe
rPois    .         Spirit   .   (helmet restricted)
rElec    .         Reflect  .   g - +0 cloak
rCorr    .         Harm     .   (gloves unavailable)
MR       .....                  (boots unavailable)
Stlth    +.........             (no amulet)
HPRegen  0.13/turn              n - +2 ring of protection
MPRegen  0.11/turn              (no ring)

@: hasted, very quick
A: large, unfitting armour, tough skin 1
a: no special abilities


You were on level 3 of the Dungeon.
You were near starving.

You visited 1 branch of the dungeon, and saw 3 of its levels.

You collected 97 gold pieces.

Inventory:

Hand Weapons
 c - a +0 short sword (weapon)
Missiles
 m - 2 large rocks (quivered)
Armour
 a - a +0 robe (worn)
 g - a +0 cloak (worn)
Jewellery
 d - a +2 ring of intelligence
 n - a +2 ring of protection (left hand)
Scrolls
 i - a scroll of teleportation {unknown}
 j - 2 scrolls of identify
 k - 2 scrolls of remove curse
 p - a scroll of immolation {unknown}
Potions
 b - a potion of brilliance {unknown}
 e - a potion of curing
 o - a potion of cancellation {unknown}
 q - a potion of flight {unknown}
Comestibles
 f - 5 rations


   Skills:
 - Level 1.3 Fighting
 + Level 3.0 Throwing
 - Level 1.7 Dodging
 + Level 2.7 Spellcasting
 + Level 3.4 Hexes


You had 7 spell levels left.
You knew the following spells:

 Your Spells              Type           Power        Failure   Level  Hunger
a - Corona                Hex            ##.....      5%          1    #......

Your spell library contained the following spells:

 Spells                   Type           Power        Failure   Level  Hunger
 Slow                     Hex            ##......     9%          2    ###....
 Inner Flame              Hex/Fire       #.......     32%         3    ###....
 Portal Projectile        Hex/Tloc       #.....       32%         3    ###....
 Cause Fear               Hex            ##........   47%         4    #####..
 Leda's Liquefaction      Hex/Erth       #.........   73%         4    #####..


Dungeon Overview and Level Annotations

Branches:
Dungeon (3/15)

Altars:
Dithmenos


Innate Abilities, Weirdness & Mutations

You are too large for most types of armour.
You have tough skin. (AC +1)


Message History

The gnoll is heavily wounded.
The gnoll hits you from afar with a +0 halberd!
The gnoll hits you from afar with a +0 spear.
The gnoll closely misses you. x2
The gnoll misses you.
The gnoll hits you from afar with a +0 spear!
As you read the scroll labeled ITESYS WEREUTZ, it crumbles to dust.
It is a scroll of identify.
k - 2 scrolls of remove curse The gnoll closely misses you.
The gnoll hits you from afar with a +0 spear!
* * * LOW HITPOINT WARNING * * *
It was a potion of curing.
You feel better.
An adder comes into view.
The gnoll hits you but does no damage.
The gnoll hits you from afar with a +0 spear!
* * * LOW HITPOINT WARNING * * *
It was a potion of haste.
You feel yourself speed up. The gnoll hits you with a +0 halberd!
You die...

#.#.# #.# #.#.#. #.#
#.#.#.#### #S# #.#.#.....
..( #.#.##..######.###
#.....#§#.. .gg.
#...##§§§#####(#######
####...#.#§#§#§.@g......#
.....)..§§§§§§..#.#####.#
#####..#.#§#§##...#
....#...#§§§#.#<..#
.##.#...##§##.#...#
.##.#.......# #...#
.##.#.#.###.# #...#
.##.#.#.# .# #...#
.##.#.#.# .


You could see 3 gnolls and an adder (wandering).

Vanquished Creatures
  2 adders
  A gnoll (D:3)
  3 oozes
  A dart slug (D:1)
  2 giant cockroaches
  7 goblins
  2 hobgoblins (D:1)
  2 jackals (D:1)
  A quokka (D:3)
  4 bats (D:1)
  3 frilled lizards
  6 kobolds
  3 rats
37 creatures vanquished.

Notes
Turn   | Place    | Note
-------+----------+-------------------------------------------
     0 | D:1      | Nattfarinn the Ogre Arcane Marksman began the quest for the
                  | Orb.
     0 | D:1      | Reached XP level 1. HP: 19/19 MP: 2/2
   196 | D:1      | Reached XP level 2. HP: 8/27 MP: 4/4
   846 | D:1      | Reached XP level 3. HP: 26/33 MP: 6/6
  2066 | D:3      | Reached XP level 4. HP: 41/41 MP: 7/7
  2263 | D:3      | Found a shadowy altar of Dithmenos.
  2284 | D:3      | Mangled by a gnoll

Levels and vault maps discovered:
D:1:      mushboom_english_gardens, layout_loops_ring, minmay_tromino_i4
D:2:      layout_basic
D:3:      layout_basic, kiku_gazebo_garden_becter,
          grunt_dithmenos_smoke_and_mirrors, first_ration

Skill      XL: |  1  2  3  4 |
---------------+-------------+-----
Hexes          | 3 |  3.4
Spellcasting   | 2 |  2.7
Throwing       | 3 |  3.0
Fighting       | |  1.3
Dodging        | |  1.7

Action                   |  1- 3 |  4- 6 || total
-------------------------+-------+-------++-------
Melee: Unarmed           |    28 |       ||    28
       Short sword       |   103 |     5 ||   108
Throw: Large rock        |    28 |     6 ||    34
       Dart              |    24 |     2 ||    26
       Throwing net      |     3 |       ||     3
 Cast: Corona            |     6 |       ||     6
  Use: Potion            |       |     2 ||     2
       Scroll            |       |     1 ||     1
 Stab: Held in net/web   |     1 |       ||     1
       Invisible         |     2 |       ||     2
  Eat: Chunk             |     3 |       ||     3
Armor: Robe              |    76 |     2 ||    78
Dodge: Dodged            |   115 |     7 ||   122
